 Dungeon Crawl Stone Soup version 0.29-a0-90-gc37658a0fe (webtiles) character file.

Game seed: 8949542001142486540

100 lordive the Chucker (level 4, -1/42 HPs)
             Began as a Troll Hunter on Feb 7, 2022.
             Slain by a centaur (3 damage)
             ... on level 4 of the Dungeon.
             The game lasted 00:01:55 (1500 turns).

lordive the Chucker (Troll Hunter)                  Turns: 1500, Time: 00:01:56

Health: -1/42      AC:  5    Str: 20    XL:     4   Next: 46%
Magic:  3/3        EV: 10    Int:  9    God:
Gold:   213        SH:  0    Dex: 10    Spells: 3/3 levels left

rFire   . . .      SeeInvis .     - Unarmed
rCold   + . .      Faith    .   i - orb {light}
rNeg    . . .      Spirit   .   b - +0 robe
rPois   .          Reflect  .   (helmet restricted)
rElec   .          Harm     .   g - +0 cloak
rCorr   .          Rampage  .   (gloves unavailable)
Will    .....                   (boots unavailable)
Stlth   +.........              (no amulet)
HPRegen 0.94/turn               e - ring of protection from cold
MPRegen 0.08/turn               (no ring)

@: glowing
A: large, unfitting armour, claws 3, regeneration 1, shaggy fur 1, tough skin 1
a: no special abilities


You were on level 4 of the Dungeon.
You visited 1 branch of the dungeon, and saw 4 of its levels.

You collected 213 gold pieces.

Inventory:

Missiles
 c - 5 large rocks (quivered)
 d - 2 throwing nets
Armour
 b - a +0 robe (worn)
 g - a +0 cloak (worn)
 i - an orb of light (worn)
Jewellery
 e - a ring of protection from cold (left claw)
 o - an amulet of the acrobat
Scrolls
 a - a scroll of amnesia {unknown}
 f - 4 scrolls of identify {unknown}
 h - 2 scrolls of immolation {unknown}
 j - a scroll of enchant armour {unknown}
 k - a scroll of fog {unknown}
 n - a scroll of teleportation {unknown}
 p - a scroll of enchant weapon {unknown}
Potions
 l - a potion of lignification {unknown}
 m - a potion of flight {unknown}


   Skills:
 + Level 2.0 Fighting
 + Level 4.4 Throwing
 + Level 2.0 Dodging
 + Level 0.4 Stealth
 + Level 2.1 Unarmed Combat


You had 3 spell levels left.
You didn't know any spells.
Your spell library contained the following spells:

 Spells                   Type           Power      Damage    Failure   Level
 Animate Dead             Necr           0%         N/A       99%         4
 Haunt                    Necr/Summ      0%         N/A       100%        7
 Infestation              Necr           0%         N/A       100%        8
 Chain Lightning          Conj/Air       0%         N/A       100%        9
 Fire Storm               Conj/Fire      0%         5d1       100%        9
 Shatter                  Erth           0%         3d5*      100%        9


Dungeon Overview and Level Annotations

Branches:
Dungeon (4/15)
 Temple: D:4-7

Altars:


Innate Abilities, Weirdness & Mutations

You are too large for most types of armour.
You have claws for hands.
Your natural rate of healing is unusually fast.
You are covered in fur. (AC +1)
You have tough skin. (AC +1)


Message History

You are too injured to fight recklessly!
You are too injured to fight recklessly!
You are too injured to fight recklessly!
You are too injured to fight recklessly!
You are too injured to fight recklessly!
You are too injured to fight recklessly!
You are too injured to fight recklessly!
You are too injured to fight recklessly!
You are too injured to fight recklessly!
You are too injured to fight recklessly!
You are too injured to fight recklessly!
You are too injured to fight recklessly!
You are too injured to fight recklessly!
You are too injured to fight recklessly!
You are too injured to fight recklessly!
You are too injured to fight recklessly!
You are too injured to fight recklessly!
Unknown command.
The centaur unwields a +1 shortbow of flaming.
It stops flaming.
The centaur hits you.
* * * LOW HITPOINT WARNING * * *
The centaur kicks you.
* * * LOW HITPOINT WARNING * * *
You scratch the centaur.
The centaur is moderately wounded.
The centaur hits you but does no damage.
The centaur kicks you but does no damage.
The centaur hits you.
* * * LOW HITPOINT WARNING * * *
The centaur kicks you but does no damage.
You barely miss the centaur.
The centaur is moderately wounded.
The centaur closely misses you.
The centaur kicks you but does no damage.
You scratch the centaur.
The centaur is moderately wounded.
The centaur hits you.
* * * LOW HITPOINT WARNING * * *
The centaur kicks you.
You die...

#.#....##.# #..
#.#....##.###..
#.#....##...'..
#.#....######..
######.#....#### ###
#....#.#.......# #
#......#..####.# #
#..?.###..# #.#####
#.c@......####..^..#
#.....###.#...####.#
#.........#+#.####+#
#....#####(.........
#....#..............
###+##..............
#..............
#.............. ###
#..............


You could see a centaur.

Vanquished Creatures
  A scorpion (D:4)
  A worm (D:3)
  A dart slug (D:4)
  2 endoplasms (D:1)
  2 hobgoblins (D:4)
  2 jackals (D:3)
  2 quokkas (D:1)
  4 ball pythons (D:1)
  6 bats
  2 frilled lizards
  8 goblins
  2 kobolds
  2 rats (D:1)
35 creatures vanquished.

Notes
Turn   | Place    | Note
-------+----------+-------------------------------------------
     0 | D:1      | lordive the Troll Hunter began the quest for the Orb.
     0 | D:1      | Reached XP level 1. HP: 19/19 MP: 0/0
   292 | D:1      | Reached skill level 4 in Throwing
   336 | D:1      | Reached XP level 2. HP: 26/27 MP: 1/1
   801 | D:2      | You fall into a shaft and drop 1 floor!
   817 | D:3      | Found a faded altar of an unknown god.
   995 | D:3      | Reached XP level 3. HP: 32/35 MP: 2/2
  1100 | D:4      | Reached skill level 1 in Unarmed Combat
  1197 | D:4      | Noticed a scorpion
  1261 | D:4      | Killed a scorpion
  1262 | D:4      | Reached XP level 4. HP: 6/42 MP: 3/3
  1492 | D:4      | Noticed a centaur
  1500 | D:4      | HP: 2/42 [centaur (4)]
  1500 | D:4      | Slain by a centaur

Illustrated notes

Levels and vault maps discovered:
D:1:      dpeg_arrival_signposts, layout_loops_ring, serial_glass,
          glass_columns_c, glass_columns_a
D:2:      layout_basic, basic_altar
D:3:      layout_loops_ring, basic_ecumenical_altar
D:4:      layout_basic, uniq_blork_the_orc

Skill      XL: |  1  2  3 |
---------------+----------+-----
Throwing       | 4 |  4.4
Unarmed Combat | 2 |  2.1
Fighting       | 2 |  2.0
Dodging        | 2 |  2.0
Stealth        | |  0.4

Action                   |  1- 3 |  4- 6 || total
-------------------------+-------+-------++-------
Melee: Unarmed           |    98 |    10 ||   108
Armor: Robe              |    48 |     6 ||    54
Dodge: Dodged            |    45 |     5 ||    50

Table legend: (Time is in decaauts)
 A = Elapsed time spent in this place.
 B = Non-inter-level travel time spent in this place.
 C = Inter-level travel time spent in this place.
 D = Time resting spent in this place.
 E = Time spent auto-exploring this place.
 F = Levels seen in this place.
 G = Mean time per level.
                   A        B        C        D        E       F      G
               +--------+--------+--------+--------+--------+-----+--------+
         Total |   1497 |   1450 |     47 |      0 |   1147 |   4 |  374.2 |
       Dungeon |   1497 |   1450 |     47 |      0 |   1147 |   4 |  374.2 |
               +--------+--------+--------+--------+--------+-----+--------+

Top non-repeatable levels by time:
     D:1: 800 daAuts
     D:4: 468 daAuts
     D:3: 228 daAuts
